 Dungeon Crawl Stone Soup version 0.18.1-5-g4a78601 (webtiles) character file.

345 Northaan the Grave Robber (level 6, 0/42 HPs)
             Began as a Mummy Necromancer on May 10, 2016.
             Was an Initiate of Yredelemnul.
             Shot with an arrow by a centaur (4 damage)
             ... on level 5 of the Dungeon.
             The game lasted 00:19:05 (5471 turns).

Northaan the Grave Robber (Mummy Necromancer)       Turns: 5471, Time: 00:19:06

Health: 0/42       AC:  4    Str: 11    XL:     6   Next: 32%
Magic:  13/13      EV: 12    Int: 17    God:    Yredelemnul [......]
Gold:   200        SH:  0    Dex: 12    Spells: 5 memorised, 1 level left

rFire  x . .     SeeInvis .     i - +0 dagger (venom)
rCold  + + .     Gourm    .     a - +0 robe
rNeg   + + +     Faith    .     (no shield)
rPois  ∞         Spirit   .     u - +1 hat
rElec  .         Dismiss  .     (no cloak)
rCorr  +         Reflect  .     (no gloves)
SustAt .         Harm     .     p - +0 pair of boots {Stlth+}
MR     .....                    (no amulet)
Stlth  +++.......               q - ring of resist corrosion
                                c - ring of protection from cold

@: not resistant to hostile enchantments, fairly stealthy
A: no food or potions, fire vulnerability, cold resistance 1, negative energy
resistance 3, torment resistance, unbreathing
a: Renounce Religion


You were on level 5 of the Dungeon.
You worshipped Yredelemnul.
Yredelemnul was noncommittal.
You were not hungry.

You visited 2 branches of the dungeon, and saw 6 of its levels.

You collected 200 gold pieces.

Inventory:

Hand Weapons
 d - a +0 club
 f - a +0 dagger
 i - a +0 dagger of venom (weapon)
Armour
 a - a +0 robe (worn)
 p - a +0 pair of boots of stealth (worn)
 u - a +1 hat (worn)
Jewellery
 c - a ring of protection from cold (left hand)
 n - an uncursed ring of loudness
 q - a ring of resist corrosion (right hand)
Wands
 k - a wand of flame (19/48)
 l - a wand of acid (10/15)
 v - a wand of polymorph (18/24)
Scrolls
 e - 3 scrolls of teleportation
 g - 2 scrolls of identify
 h - a scroll of blinking {unknown}
 j - a scroll of fog {unknown}
 m - a scroll of enchant weapon {unknown}
 o - 2 scrolls of fear {unknown}
 r - a scroll of magic mapping {unknown}
 s - 2 scrolls of enchant armour {unknown}
 t - a scroll of immolation {unknown}
 w - 2 scrolls of remove curse
 x - a scroll of recharging {unknown}
Books
 b - a book of Necromancy

   Spells                             Type                      Level
   a - Pain                           Necromancy                   1
   b - Animate Skeleton               Necromancy                   1
   c - Vampiric Draining              Necromancy                   3
   d - Regeneration                   Charms/Necromancy            3
   e - Animate Dead                   Necromancy                   4
   f - Control Undead                 Necromancy                   4


   Skills:
 + Level 0.8 Fighting
 + Level 0.4 Short Blades
 + Level 0.1 Maces & Flails
 - Level 1.5 Dodging
 - Level 1.5 Stealth
 * Level 4.7 Spellcasting
 + Level 5.4 Necromancy
 * Level 1.1 Evocations


You had one spell level left.
You knew the following spells:

 Your Spells              Type           Power        Failure   Level  Hunger
a - Pain                  Necr           ###.         1%          1    N/A
b - Animate Skeleton      Necr           N/A          1%          1    N/A
c - Vampiric Draining     Necr           ###.......   6%          3    N/A
d - Animate Dead          Necr           N/A          17%         4    N/A
e - Control Undead        Necr           ###.......   17%         4    N/A

Dungeon Overview and Level Annotations

Branches:
Dungeon (5/15)             Temple (1/1) D:4

Altars:
Cheibriados
Gozag
Nemelex Xobeh
Okawaru
Pakellas
Qazlal
Sif Muna
Trog
Vehumet
Xom
Yredelemnul
Zin
The Shining One

Annotations:
D:3 oplop's ghost, amateur OpTm
D:5 beholder's ghost, amateur GrEE


Innate Abilities, Weirdness & Mutations

You do not eat or drink.
Your flesh is vulnerable to fire.
You are immune to poison.
Your flesh is cold resistant.
You are immune to negative energy.
You are immune to unholy pain and torment.
You can survive without breathing.


Message History

w - Wait here. f - Follow me.
Anything else - Stay silent.
Okay, then.
Take off which item? (? for menu, Esc to quit)
Okay, then.
The centaur shoots an arrow.
The arrow hits your giant frog skeleton!
Your giant frog skeleton is destroyed!
The centaur shoots an arrow.
The arrow hits you.
* * * LOW HITPOINT WARNING * * *
You see here an arrow.
You see here a scale mail.
The centaur shoots an arrow.
The arrow closely misses you.
You see here an arrow.
The centaur shoots an arrow.
The arrow hits you!
* * * LOW HITPOINT WARNING * * *
You see here an arrow.
The centaur shoots an arrow.
The arrow hits you.
You die...
Yredelemnul claims you as an undead slave.

#.#.....................
#..............#########
#.................(.(((c ######
#...........#..#.####### .....#
#.#.#.#####.#..#.######.
.....#####.#.#.#####.#..#........
.....'...........................
.....#####.#.#.#####.#...........
.....# #......@..((c[.#.#.####.
.....# #...#.#####.#..#.#.# #.
.....# #..............#.#.# #.
.....# #.....##############
##########.#...# ............>..#
...............# .........#.#...#
.........###...#


You could see a centaur.

Vanquished Creatures
  2 scorpions (D:4)
  An orc priest (D:3)
  Ijyb (D:2)
  A giant frog skeleton (D:5)
  An orc wizard (D:4)
  Robin (D:2)
  6 adders
  An ooze (D:1)
  An adder skeleton (D:5)
  A worm (D:3)
  2 dart slugs
  2 giant geckos
  12 orcs
  2 ball pythons
  8 hobgoblins
  5 jackals
  2 quokkas
  7 bats
  A giant newt (D:3)
  10 goblins
  4 kobolds
  6 rats
77 creatures vanquished.

Vanquished Creatures (collateral kills)
  A dart slug (D:1)
  A giant cockroach (D:5)
  2 goblins (D:2)
  A hobgoblin (D:1)
  A rat (D:1)
6 creatures vanquished.

Grand Total: 83 creatures vanquished

Notes
Turn   | Place    | Note
--------------------------------------------------------------
     0 | D:1      | Northaan the Mummy Necromancer began the quest for the Orb.
     0 | D:1      | Reached XP level 1. HP: 13/13 MP: 3/3
     2 | D:1      | Learned a level 1 spell: Animate Skeleton
   347 | D:1      | Reached XP level 2. HP: 18/19 MP: 0/5
  1531 | D:2      | Reached XP level 3. HP: 25/25 MP: 4/6
  1747 | D:2      | Noticed Robin
  1793 | D:2      | Killed Robin
  2093 | D:2      | Reached XP level 4. HP: 27/31 MP: 8/8
  2185 | D:2      | Noticed Ijyb
  2200 | D:2      | Killed Ijyb
  2510 | D:3      | Learned a level 3 spell: Vampiric Draining
  2520 | D:3      | Noticed oplop's ghost (amateur OpTm)
  2595 | D:3      | Reached skill level 5 in Necromancy
  3203 | D:4      | Reached XP level 5. HP: 17/36 MP: 1/10
  3343 | D:4      | Found a staircase to the Ecumenical Temple.
  3361 | Temple   | Entered the Ecumenical Temple
  3499 | Temple   | Became a worshipper of Yredelemnul the Dark
  3890 | D:4      | Found a glowing golden altar of the Shining One.
  3924 | D:4      | Reached XP level 6. HP: 42/42 MP: 7/12
  4108 | D:5      | Entered Level 5 of the Dungeon
  4204 | D:5      | Noticed beholder's ghost (amateur GrEE)
  4825 | D:3      | Reached skill level 1 in Evocations
  4924 | D:3      | Learned a level 4 spell: Animate Dead
  5383 | D:5      | Learned a level 4 spell: Control Undead
  5471 | D:5      | Shot with an arrow by a centaur

Skill      XL: |  1  2  3  4  5  6 |
---------------+-------------------+-----
Spellcasting   | 3 4 |  4.7
Necromancy     | 5 |  5.4
Evocations     | 1 |  1.1
Fighting       | |  0.8
Short Blades   | |  0.4
Maces & Flails | |  0.1
Dodging        | |  1.5
Stealth        | |  1.5

Action                   |  1- 3 |  4- 6 || total
-------------------------+-------+-------++-------
Melee: Club              |    12 |       ||    12
       Dagger            |    37 |    81 ||   118
 Cast: Pain              |    42 |    81 ||   123
       Animate Skeleton  |    12 |    17 ||    29
       Control Undead    |       |     2 ||     2
  Use: Scroll            |       |     4 ||     4
 Stab: Sleeping          |     2 |     3 ||     5
Armor: Robe              |     7 |    24 ||    31
Dodge: Dodged            |    39 |    82 ||   121
